 Dungeon Crawl Stone Soup version 0.23-a0-370-gf497b7c (webtiles) character file.

212 nixmar the Charmwright (level 6, -1/41 HPs)
             Began as a Halfling Skald on Oct 25, 2018.
             Was an Initiate of Kikubaaqudgha.
             Slain by Noname's ghost (5 damage)
             ... on level 3 of the Dungeon.
             The game lasted 00:13:35 (4136 turns).

nixmar the Charmwright (Halfling Skald)             Turns: 4136, Time: 00:13:36

Health: -1/41      AC:  3    Str: 12    XL:     6   Next: 14%
Magic:  8/8        EV: 16    Int: 11    God:    Kikubaaqudgha [......]
Gold:   83         SH:  0    Dex: 16    Spells: 1/8 levels left

rFire    . . .     SeeInvis .   a - +0 falchion
rCold    . . .     Gourm    .   (shield restricted)
rNeg     . . .     Faith    .   g - +0 leather armour (curse)
rPois    .         Spirit   .   (no helmet)
rElec    .         Reflect  .   (no cloak)
rCorr    .         Harm     .   (no gloves)
MR       .....                  (no boots)
Stlth    +.........             (no amulet)
HPRegen  0.13/turn              (no ring)
MPRegen  0.11/turn              (no ring)

@: no status effects
A: small, mutation resistance 1
a: Renounce Religion


You were on level 3 of the Dungeon.
You worshipped Kikubaaqudgha.
Kikubaaqudgha was noncommittal.
You were near starving.

You visited 1 branch of the dungeon, and saw 3 of its levels.

You collected 83 gold pieces.

Inventory:

Hand Weapons
 a - a +0 falchion (weapon)
Armour
 b - a +0 cloak
 g - a cursed +0 leather armour (worn)
 h - a +0 pair of boots
Scrolls
 d - a scroll of remove curse {unknown}
 R - 4 scrolls of identify {@r1}
 T - a scroll of teleportation
Potions
 c - a potion of degeneration
 f - a potion of agility {@q5}
Comestibles
 e - 2 rations


   Skills:
 + Level 2.9 Fighting
 * Level 3.6 Long Blades
 - Level 1.1 Armour
 + Level 3.6 Dodging
 - Level 1.7 Spellcasting
 + Level 4.3 Charms


You had one spell level left.
You knew the following spells:

 Your Spells              Type           Power        Failure   Level  Hunger
a - Infusion              Chrm           ##..         6%          1    ##.....
b - Song of Slaying       Chrm           ##......     10%         2    ###....
c - Spectral Weapon       Hex/Chrm       #.......     43%         3    ####...
d - Animate Skeleton      Necr           N/A          36%         1    ##.....

Your spell library contained the following spells:

 Spells                   Type           Power        Failure   Level  Hunger
 Apportation              Tloc           #.....       36%         1    ##.....
 Confusing Touch          Hex            #.....       36%         1    ##.....
 Summon Small Mammal      Summ           #...         36%         1    ##.....
 Shroud of Golubria       Chrm/Tloc      #.........   24%         2    ###....
 Regeneration             Chrm/Necr      #.........   43%         3    ####...


Dungeon Overview and Level Annotations

Branches:
Dungeon (3/15)

Altars:
Cheibriados
Kikubaaqudgha
Makhleb
Trog
Uskayaw

Annotations:
D:3 Noname's ghost, amateur VSAs


Innate Abilities, Weirdness & Mutations

You are small and have problems with some larger weapons.
You are somewhat resistant to further mutation.


Message History

* * * LOW HITPOINT WARNING * * *
The giant cockroach completely misses you.
The giant cockroach closely misses you.
You riposte.
You hit the giant cockroach.
You kill the giant cockroach!
Kikubaaqudgha accepts your kill. Noname's ghost barely misses you.
You riposte.
You hit Noname's ghost but do no damage.
Noname's ghost is heavily damaged.
You open the door. Noname's ghost completely misses you.
You riposte.
Your unstable footing causes you to fumble your attack.
There is an open door here.
An adder and a kobold come into view.
The kobold shouts!
Found a murky silvery potion.
You hit Noname's ghost but do no damage.
Noname's ghost is heavily damaged.
Noname's ghost hits you.
You die...
Kikubaaqudgha rasps: "You have failed me!
Welcome... death!"

..<# ##.# #.# #.#
#.# ##.## #...#
....# ##########
#...# .!.....@.#
##### ########W#
#.# #.#
############# #.#
#≈≈≈≈≈≈≈≈≈#.## ##.#
†≈≈≈≈:≈†≈≈'..###..#
#≈≈≈≈≈≈≈≈≈#.....K##
################.#


You could see Noname's ghost.

Vanquished Creatures
  Crazy Yiuf (D:2)
  Jessica (D:2)
  5 adders
  A river rat (D:3)
  4 worms (D:2)
  3 dart slugs (D:2)
  3 leopard geckos
  6 orcs (D:3)
  2 giant cockroaches (D:3)
  8 goblins
  10 hobgoblins
  4 jackals
  A quokka (D:3)
  8 bats
  9 frilled lizards
  8 kobolds
  6 rats
80 creatures vanquished.

Vanquished Creatures (collateral kills)
  A goblin (D:3)
1 creature vanquished.

Grand Total: 81 creatures vanquished

Notes
Turn   | Place    | Note
-------+----------+-------------------------------------------
     0 | D:1      | nixmar the Halfling Skald began the quest for the Orb.
     0 | D:1      | Reached XP level 1. HP: 14/14 MP: 3/3
    76 | D:1      | Reached XP level 2. HP: 16/19 MP: 0/4
   417 | D:1      | Learned a level 2 spell: Song of Slaying
   586 | D:1      | Reached XP level 3. HP: 24/24 MP: 2/5
  1579 | D:2      | Reached XP level 4. HP: 29/29 MP: 6/6
  1620 | D:2      | Found a bloodstained altar of Trog.
  1781 | D:2      | Found an ancient bone altar of Kikubaaqudgha.
  1784 | D:2      | Found a hide-covered altar of Uskayaw.
  1789 | D:2      | Became a worshipper of Kikubaaqudgha
  1867 | D:2      | Found a burning altar of Makhleb.
  1975 | D:2      | Noticed Jessica
  1987 | D:2      | Killed Jessica
  1987 | D:2      | Reached skill level 4 in Charms
  1987 | D:2      | Reached XP level 5. HP: 16/35 MP: 5/7
  2240 | D:2      | Learned a level 3 spell: Spectral Weapon
  2395 | D:2      | Found a snail-covered altar of Cheibriados.
  2697 | D:2      | Found a runed door.
  2978 | D:2      | Noticed Crazy Yiuf
  2984 | D:2      | Killed Crazy Yiuf
  3454 | D:3      | Learned a level 1 spell: Animate Skeleton
  3862 | D:3      | Reached XP level 6. HP: 40/41 MP: 3/8
  3966 | D:3      | Found a runed door.
  3967 | D:3      | Noticed Noname's ghost (amateur VSAs)
  4080 | D:3      | HP: 1/41 [Noname's ghost (5)]
  4115 | D:3      | Found a runed door.
  4119 | D:3      | HP: 2/41 [Noname's ghost (5)]
  4136 | D:3      | Slain by Noname's ghost

Vault maps used:
D:1:      ebering_trefoil_twist, minmay_lizard_king
D:2:      kennysheep_slug_shrine, nicolae_overflow_hidden_temple,
          nicolae_overflow_crystal_walls, grunt_temple_overflow_open,
          uniq_jessica, uniq_crazy_yiuf_cottage
D:3:      kennysheep_okawaru_gauntlet, ebering_ghost_sewer_f

Skill      XL: |  1  2  3  4  5 |
---------------+----------------+-----
Fighting       | 2 |  2.9
Dodging        | 3 |  3.6
Charms         | 4 |  4.3
Long Blades    | 3 |  3.6
Armour         | |  1.1
Spellcasting   | |  1.7

Action                   |  1- 3 |  4- 6 || total
-------------------------+-------+-------++-------
Melee: Falchion          |    84 |   139 ||   223
 Cast: Infusion          |    12 |    19 ||    31
       Song of Slaying   |     2 |     5 ||     7
       Spectral Weapon   |       |     5 ||     5
       Animate Skeleton  |       |     2 ||     2
  Use: Potion            |       |     6 ||     6
       Scroll            |       |     4 ||     4
 Stab: Sleeping          |     1 |       ||     1
  Eat: Chunk             |     2 |     7 ||     9
       Ration            |       |     1 ||     1
Armor: Leather armour    |    16 |    24 ||    40
Dodge: Dodged            |    84 |   111 ||   195
       Rpst.: Falchion   |    27 |    37 ||    64

Table legend:
 A = Non-vault XP
 B = Vault XP
 C = Vault XP percentage of total XP
 D = Non-vault monster count
 E = Vault monster count
 F = Vault count percentage of total count
                 A         B        C        D         E       F
            +---------+---------+-------+---------+---------+-------
      Total |     181 |     123 |  40.5 |      67 |      14 |  17.3
            +---------+---------+-------+---------+---------+-------
        D:1 |      36 |       9 |  20.0 |      23 |       7 |  23.3
        D:2 |      77 |      83 |  51.9 |      23 |       3 |  11.5
        D:3 |      68 |      31 |  31.3 |      21 |       4 |  16.0
            +---------+---------+-------+---------+---------+-------
